 Dungeon Crawl Stone Soup version 0.23-a0-445-g768d57b (webtiles) character file.

7 sl00ts the Protected (level 2, -3/26 HPs)
             Began as a Gnoll Wanderer on Nov 18, 2018.
             Slain by a goblin
             ... wielding a +0 dagger
              (4 damage)
             ... on level 1 of the Dungeon.
             The game lasted 00:00:39 (51 turns).

sl00ts the Protected (Gnoll Wanderer)                 Turns: 51, Time: 00:00:39

Health: -3/26      AC:  7    Str: 12    XL:     2   Next: 4%
Magic:  2/2        EV: 10    Int: 16    God:
Gold:   0          SH:  0    Dex: 14    Spells: 1/1 levels left

rFire    . . .     SeeInvis .   a - +2 spear
rCold    . . .     Gourm    .   (no shield)
rNeg     . . .     Faith    .   b - +0 ring mail
rPois    .         Spirit   .   (no helmet)
rElec    .         Reflect  .   (no cloak)
rCorr    .         Harm     .   (no gloves)
MR       .....                  (no boots)
Stlth    +.........             (no amulet)
HPRegen  0.08/turn              (no ring)
MPRegen  0.08/turn              (no ring)

@: no status effects
A: distributed training, fangs 1, strong nose
a: no special abilities


You were on level 1 of the Dungeon.
You were not hungry.

You visited 1 branch of the dungeon, and saw 1 of its levels.

Inventory:

Hand Weapons
 a - a +2 spear (weapon)
Armour
 b - a +0 ring mail (worn)
Potions
 c - a potion of curing
Comestibles
 d - a ration


   Skills:
 + Level 4.4 Fighting
 + Level 0.2 Short Blades
 + Level 0.2 Long Blades
 + Level 0.2 Axes
 + Level 0.2 Maces & Flails
 + Level 0.2 Polearms
 + Level 0.2 Staves
 + Level 0.2 Slings
 + Level 0.2 Bows
 + Level 0.2 Crossbows
 + Level 2.4 Throwing
 + Level 12.0 Armour
 + Level 0.2 Dodging
 + Level 2.2 Stealth
 + Level 0.2 Shields
 + Level 0.2 Unarmed Combat
 + Level 0.2 Spellcasting
 + Level 0.1 Conjurations
 + Level 0.1 Hexes
 + Level 0.1 Charms
 + Level 0.1 Summonings
 + Level 0.1 Necromancy
 + Level 0.1 Translocations
 + Level 0.1 Transmutations
 + Level 0.1 Fire Magic
 + Level 0.1 Ice Magic
 + Level 0.1 Air Magic
 + Level 0.1 Earth Magic
 + Level 0.1 Poison Magic
 + Level 0.3 Invocations
 + Level 0.2 Evocations


You had one spell level left.
You didn't know any spells.
Your spell library was empty.

Dungeon Overview and Level Annotations

Branches:
Dungeon (1/15)

Altars:


Innate Abilities, Weirdness & Mutations

Your experience applies equally to all skills.
You have very sharp teeth.
Your uncanny sense of smell can sniff out nearby items.


Message History

The goblin closely misses you.
The frilled lizard bites you but does no damage.
The goblin hits you but does no damage.
You hit the goblin.
The goblin is severely wounded.
The goblin completely misses you. The goblin barely misses you.
The frilled lizard barely misses you. The goblin barely misses you.
You hit the goblin.
You kill the goblin!
You have reached level 2!
The goblin hits you.
* * * LOW HITPOINT WARNING * * *
The frilled lizard bites you but does no damage.
The goblin barely misses you.
You hit the frilled lizard.
You kill the frilled lizard!
The goblin barely misses you. The goblin hits you but does no damage.
You closely miss the goblin. Your bite misses the goblin.
The goblin misses you. The goblin hits you with a +0 dagger.
You die...

#. #..#.# #..#.# ≈≈≈
#..#.# #≈.. # #..#.#
#≈.####### ###.#..#.#
#≈8#≈≈≈≈≈# .........##
#≈.#≈...≈# ##.....)).##
#≈.#≈.#.≈#
#......@...####≈8#≈.#.≈#
#......gg.$.†..≈.#≈.#.≈#
#..........###...'..#..'
#..#......## #...'..#..'
#. #.#...## ##≈.#≈.#.≈#
# #...... #≈8#≈.#.≈#
#.#...# #≈.#≈.#.≈#
#...$.. .≈.#≈...≈# .#.
#.≈8#≈≈≈≈≈#


You could see 2 goblins.

Vanquished Creatures
  2 goblins (D:1)
  A bat (D:1)
  A frilled lizard (D:1)
  3 kobolds (D:1)
  A rat (D:1)
8 creatures vanquished.

Notes
Turn   | Place    | Note
-------+----------+-------------------------------------------
     0 | D:1      | Reached skill level 12 in Armour
     0 | D:1      | sl00ts the Gnoll Wanderer began the quest for the Orb.
     0 | D:1      | sl00ts set off with the following items: a +2 spear, a +0
                  | ring mail, a potion of curing, a ration
     0 | D:1      | Reached XP level 1. HP: 20/20 MP: 1/1
    47 | D:1      | HP: 1/20 [goblin/+0 dagger of pain (5)]
    49 | D:1      | Reached XP level 2. HP: 2/26 MP: 2/2
    51 | D:1      | Slain by a goblin

Vault maps used:
D:1:      lightli_arrival_isolated_outpost

Skill      XL: | |
---------------+-+-----
Armour         | | 12.0
Fighting       | |  4.4
Short Blades   | |  0.2
Long Blades    | |  0.2
Axes           | |  0.2
Maces & Flails | |  0.2
Polearms       | |  0.2
Staves         | |  0.2
Slings         | |  0.2
Bows           | |  0.2
Crossbows      | |  0.2
Throwing       | |  2.4
Dodging        | |  0.2
Stealth        | |  2.2
Shields        | |  0.2
Unarmed Combat | |  0.2
Spellcasting   | |  0.2
Conjurations   | |  0.1
Hexes          | |  0.1
Charms         | |  0.1
Summonings     | |  0.1
Necromancy     | |  0.1
Translocations | |  0.1
Transmutations | |  0.1
Fire Magic     | |  0.1
Ice Magic      | |  0.1
Air Magic      | |  0.1
Earth Magic    | |  0.1
Poison Magic   | |  0.1
Invocations    | |  0.3
Evocations     | |  0.2

Action                   || total
-------------------------++-------
Melee: Spear             ||    20
Armor: Ring mail         ||    22
Dodge: Dodged            ||    29

Table legend:
 A = Non-vault XP
 B = Vault XP
 C = Vault XP percentage of total XP
 D = Non-vault monster count
 E = Vault monster count
 F = Vault count percentage of total count
                 A         B        C        D         E       F
            +---------+---------+-------+---------+---------+-------
      Total |      11 |       0 |   0.0 |       8 |       0 |   0.0
            +---------+---------+-------+---------+---------+-------
        D:1 |      11 |       0 |   0.0 |       8 |       0 |   0.0
            +---------+---------+-------+---------+---------+-------
